PCL
HOUSTON HAMMERTIME @ REDWOOD CITY REDWOODS
09/02/2027
 
TOP OF THE 1ST
Houston Hammertime batting - Pitching for Redwood City Redwoods : RHP Nathan Seymour
Pitching: RHP Nathan Seymour
Batting: SHB Carlos Córdova 0-0: Ball
1-0: Foul Ball, location: 2F
1-1: Fly out, F8 (Flyball, 8LS)
Batting: RHB Alonso Holguín 0-0: Ball
1-0: Called Strike
1-1: Ball
2-1: Ground out 4-3 (Groundball, 4)
Batting: RHB Dan Mason 0-0: Ball
1-0: Called Strike
1-1: Swinging Strike
1-2: Foul Ball, location: 2F
1-2: Foul Ball, location: 2F
1-2: Strikes out looking
Top of the 1st over - 0 run(s), 0 hit(s), 0 error(s), 0 left on base; Houston 0 - Redwood City 0
BOTTOM OF THE 1ST
Redwood City Redwoods batting - Pitching for Houston Hammertime : RHP Kevin Bader
Pitching: RHP Kevin Bader
Batting: LHB Mike Harris 0-0: Fly out, F7 (Flyball, 78M)
Batting: RHB Robert Downing 0-0: Foul Ball, location: 2F
0-1: Ball
1-1: Swinging Strike
1-2: Strikes out swinging
Batting: RHB Cheng-ho Qiao 0-0: Ball
1-0: SINGLE (Groundball, 4D)
Batting: LHB Patrick Bright 0-0: Called Strike
0-1: Called Strike
0-2: Ball
1-2: Ball
2-2: Ball
3-2: Foul Ball, location: 2F
3-2: Base on Balls
Cheng-ho Qiao to second
Batting: RHB Héctor Vázquez 0-0: Ball
1-0: Fly out, F9 (Flyball, 89M)
Bottom of the 1st over - 0 run(s), 1 hit(s), 0 error(s), 2 left on base; Houston 0 - Redwood City 0
TOP OF THE 2ND
Houston Hammertime batting - Pitching for Redwood City Redwoods : RHP Nathan Seymour
Batting: LHB Juan Cabañas 0-0: Ball
1-0: Ball
2-0: Ball
3-0: Called Strike
3-1: Called Strike
3-2: Foul Ball, location: 2F
3-2: Foul Ball, location: 2F
3-2: Fly out, F8 (Flyball, 8RS)
Batting: RHB David Hernández 0-0: DOUBLE (Flyball, 89XD)
Batting: RHB Carlos Pérez 0-0: Foul Ball, location: 2F
0-1: Ball
1-1: Ball
2-1: Swinging Strike
2-2: Ball
3-2: Fly out, F8 (Flyball, 8RM)
Batting: LHB Bartolo Villanueva 0-0: Called Strike
0-1: Ball
1-1: Ground out 5-3 (Groundball, 56)
Top of the 2nd over - 0 run(s), 1 hit(s), 0 error(s), 1 left on base; Houston 0 - Redwood City 0
BOTTOM OF THE 2ND
Redwood City Redwoods batting - Pitching for Houston Hammertime : RHP Kevin Bader
Batting: LHB Pedro Rodríguez 0-0: Swinging Strike
0-1: Ball
1-1: Foul Ball, location: 2F
1-2: DOUBLE (Line Drive, 9LM)
Batting: LHB Vicente Chávez 0-0: SINGLE (Line Drive, 56D)
Pedro Rodríguez to third
Batting: RHB Juan Robles 0-0: Foul Ball, location: 2F
0-1: Swinging Strike
0-2: Foul Ball, location: 2F
0-2: Ball
1-2: Strikes out looking
Batting: RHB David Strickland 0-0: Called Strike
0-1: Foul Ball, location: 2F
0-2: Foul Ball, location: 2F
0-2: Strikes out looking
Batting: LHB Mike Harris 0-0: Fly out, F4 (Line Drive, 4)
Bottom of the 2nd over - 0 run(s), 2 hit(s), 0 error(s), 2 left on base; Houston 0 - Redwood City 0
TOP OF THE 3RD
Houston Hammertime batting - Pitching for Redwood City Redwoods : RHP Nathan Seymour
Batting: RHB Alberto Chávez 0-0: Ball
1-0: Ball
2-0: Foul Ball, location: 2F
2-1: Swinging Strike
2-2: Strikes out swinging
Batting: LHB Fernando Camacho 0-0: Foul Ball, location: 2F
0-1: Ball
1-1: Ball
2-1: Called Strike
2-2: SINGLE (Groundball, 4MD)
Batting: SHB Carlos Córdova 0-0: Called Strike
0-1: Ball
1-1: Foul Ball, location: 2F
1-2: Foul Ball, location: 2F
1-2: Ball
2-2: Foul Ball, location: 2F
2-2: Fly out, F7 (Flyball, 7S)
Batting: RHB Alonso Holguín 0-0: Called Strike
0-1: Swinging Strike
0-2: Ball
1-2: Ball
2-2: Ball
3-2: Foul Ball, location: 2F
3-2: Fly out, F8 (Flyball, 8LM)
Top of the 3rd over - 0 run(s), 1 hit(s), 0 error(s), 1 left on base; Houston 0 - Redwood City 0
BOTTOM OF THE 3RD
Redwood City Redwoods batting - Pitching for Houston Hammertime : RHP Kevin Bader
Batting: RHB Robert Downing 0-0: Swinging Strike
0-1: Ball
1-1: Ball
2-1: Foul Ball, location: 2F
2-2: Foul Ball, location: 2F
2-2: Ball
3-2: Fly out, F9 (Flyball, 9S)
Batting: RHB Cheng-ho Qiao 0-0: Ball
1-0: Called Strike
1-1: Ball
2-1: Swinging Strike
2-2: SINGLE (Groundball, 34D)
Batting: LHB Patrick Bright 0-0: Ball
1-0: 2-RUN HOME RUN (Line Drive, 9LD), Distance : 317 ft
Batting: RHB Héctor Vázquez 0-0: Ground out 4-3 (Groundball, 34)
Batting: LHB Pedro Rodríguez 0-0: Ball
1-0: SINGLE (Groundball, 34S) (infield hit)
Batting: LHB Vicente Chávez 0-0: Fielders Choice at 2nd, 6-4 (Groundball, 6)
Bottom of the 3rd over - 2 run(s), 3 hit(s), 0 error(s), 0 left on base; Houston 0 - Redwood City 2
TOP OF THE 4TH
Houston Hammertime batting - Pitching for Redwood City Redwoods : RHP Nathan Seymour
Batting: RHB Dan Mason 0-0: Called Strike
0-1: Ball
1-1: Called Strike
1-2: Ball
2-2: Fly out, F2 (Popup, 34S)
Batting: LHB Juan Cabañas 0-0: Foul Ball, location: 2F
0-1: Called Strike
0-2: SINGLE (Groundball, 34S) (infield hit)
Batting: RHB David Hernández 0-0: Called Strike
0-1: SINGLE (Groundball, 34S) (infield hit)
Juan Cabañas to second
Batting: RHB Carlos Pérez 0-0: Foul Ball, location: 2F
0-1: Ball
1-1: SINGLE (Groundball, 56D)
Juan Cabañas to third
David Hernández to second
Runner from 3rd tries for Home, SAFE, no throw
Batting: LHB Bartolo Villanueva 0-0: Ball
1-0: Fly out, F8 (Flyball, 8RS)
Batting: RHB Alberto Chávez 0-0: Ball
1-0: Fly out, F8 (Flyball, 8LM)
Top of the 4th over - 1 run(s), 3 hit(s), 0 error(s), 2 left on base; Houston 1 - Redwood City 2
BOTTOM OF THE 4TH
Redwood City Redwoods batting - Pitching for Houston Hammertime : RHP Kevin Bader
Batting: RHB Juan Robles 0-0: Foul Ball, location: 2F
0-1: Ball
1-1: Foul Ball, location: 2F
1-2: Ball
2-2: Strikes out looking
Batting: RHB David Strickland 0-0: Ball
1-0: Ball
2-0: Foul Ball, location: 2F
2-1: Ball
3-1: Foul Ball, location: 2F
3-2: Foul Ball, location: 2F
3-2: Foul Ball, location: 2F
3-2: Strikes out swinging
Batting: LHB Mike Harris 0-0: Ground out 4-3 (Groundball, 4MD)
Bottom of the 4th over - 0 run(s), 0 hit(s), 0 error(s), 0 left on base; Houston 1 - Redwood City 2
TOP OF THE 5TH
Houston Hammertime batting - Pitching for Redwood City Redwoods : RHP Nathan Seymour
Batting: LHB Fernando Camacho 0-0: Ball
1-0: Ball
2-0: Called Strike
2-1: Ball
3-1: Swinging Strike
3-2: Strikes out swinging
Batting: SHB Carlos Córdova 0-0: Foul Ball, location: 2F
0-1: Foul Ball, location: 2F
0-2: Ball
1-2: Reached on error, E4 (Groundball, 4)
Batting: RHB Alonso Holguín 0-0: Called Strike
0-1: Foul Ball, location: 2F
0-2: SINGLE (Line Drive, 4D)
Carlos Córdova to third
Runner from 3rd tries for Home, SAFE, no throw
Batting: RHB Dan Mason 0-0: Foul Ball, location: 2F
0-1: Foul Ball, location: 2F
0-2: Foul Ball, location: 2F
0-2: SINGLE (Flyball, 78S)
Alonso Holguín to second
Batting: LHB Juan Cabañas 0-0: Ball
1-0: Ball
2-0: Called Strike
2-1: Fly out, F7 (Flyball, 7S)
Batting: RHB David Hernández 0-0: Fielders Choice at 2nd, 6-4 (Groundball, 6)
Top of the 5th over - 1 run(s), 2 hit(s), 1 error(s), 1 left on base; Houston 2 - Redwood City 2
BOTTOM OF THE 5TH
Redwood City Redwoods batting - Pitching for Houston Hammertime : RHP Kevin Bader
Batting: RHB Robert Downing 0-0: Called Strike
0-1: Foul Ball, location: 2F
0-2: Foul Ball, location: 2F
0-2: Strikes out swinging
Batting: RHB Cheng-ho Qiao 0-0: Ground out 3-1 (Groundball, 34)
Batting: LHB Patrick Bright 0-0: SINGLE (Groundball, 3) (infield hit)
Batting: RHB Héctor Vázquez 0-0: Swinging Strike
0-1: Fly out, F2 (Popup, 56S)
Bottom of the 5th over - 0 run(s), 1 hit(s), 0 error(s), 1 left on base; Houston 2 - Redwood City 2
TOP OF THE 6TH
Houston Hammertime batting - Pitching for Redwood City Redwoods : RHP Nathan Seymour
Batting: RHB Carlos Pérez 0-0: Ball
1-0: Foul Ball, location: 2F
1-1: Swinging Strike
1-2: Ball
2-2: Foul Ball, location: 2F
2-2: Strikes out swinging
Pitching: RHP Gil Paling
Batting: LHB Bartolo Villanueva 0-0: Ball
1-0: Called Strike
1-1: Ball
2-1: SINGLE (Groundball, 6D)
Batting: RHB Alberto Chávez 0-0: Ball
1-0: Called Strike
1-1: Swinging Strike
1-2: Ball
2-2: Foul Ball, location: 2F
2-2: Foul Ball, location: 2F
2-2: Foul Ball, location: 2F
2-2: Ball
3-2: Foul Ball, location: 2F
3-2: Strikes out swinging
Batting: LHB Fernando Camacho 0-0: Called Strike
0-1: Ball
1-1: Fielders Choice at 2nd, 4-6 (Groundball, 4)
Top of the 6th over - 0 run(s), 1 hit(s), 0 error(s), 0 left on base; Houston 2 - Redwood City 2
BOTTOM OF THE 6TH
Redwood City Redwoods batting - Pitching for Houston Hammertime : RHP Kevin Bader
Batting: LHB Pedro Rodríguez 0-0: Ball
1-0: Foul Ball, location: 2F
1-1: Ball
2-1: Fly out, F5 (Line Drive, 5)
Batting: LHB Vicente Chávez 0-0: Foul Ball, location: 2F
0-1: Ball
1-1: Ball
2-1: Called Strike
2-2: Strikes out looking
Batting: RHB Juan Robles 0-0: Ground out 5-3 (Groundball, 5)
Bottom of the 6th over - 0 run(s), 0 hit(s), 0 error(s), 0 left on base; Houston 2 - Redwood City 2
TOP OF THE 7TH
Houston Hammertime batting - Pitching for Redwood City Redwoods : RHP Gil Paling
Batting: SHB Carlos Córdova 0-0: Ball
1-0: Called Strike
1-1: Ball
2-1: Ball
3-1: Base on Balls
Batting: RHB Alonso Holguín 0-0: Bunted foul
0-1: Bunted foul
0-2: Ball
1-2: Ball
2-2: Foul Ball, location: 2F
2-2: Foul Ball, location: 2F
2-2: Foul Ball, location: 2F
2-2: Ball
3-2: Strikes out looking
Pinch Hitting: LHB Pat Jones 0-0: Ball
1-0: Called Strike
1-1: Ball
2-1: Ball
3-1: Called Strike
3-2: Base on Balls
Carlos Córdova to second
Batting: LHB Juan Cabañas 0-0: Ball
1-0: Ball
2-0: DOUBLE (Line Drive, 78D)
Carlos Córdova scores
Pat Jones to third
Batting: RHB David Hernández 0-0: Ball
1-0: Fly out, F9 (Flyball, 9S)
Batting: RHB Carlos Pérez 0-0: SINGLE (Flyball, 8LS)
Pat Jones scores
Juan Cabañas to third
Runner from 3rd tries for Home, SAFE, no throw
Pitching: RHP Johnny Bryant
Batting: LHB Bartolo Villanueva 0-0: Ball
1-0: Called Strike
Carlos Pérez steals 2nd base
1-1: Foul Ball, location: 2F
1-2: Fly out, F3 (Line Drive, 34)
Top of the 7th over - 3 run(s), 2 hit(s), 0 error(s), 1 left on base; Houston 5 - Redwood City 2
BOTTOM OF THE 7TH
Redwood City Redwoods batting - Pitching for Houston Hammertime : RHP Kevin Bader
Now in RF: Pat Jones
Batting: RHB David Strickland 0-0: Called Strike
0-1: Ball
1-1: Ball
2-1: Foul Ball, location: 2F
2-2: Ground out 4-3 (Groundball, 4M)
Batting: LHB Mike Harris 0-0: Ball
1-0: Ball
2-0: Ball
3-0: Called Strike
3-1: Swinging Strike
3-2: Foul Ball, location: 2F
3-2: SOLO HOME RUN (Line Drive, 9D), Distance : 352 ft
Batting: RHB Robert Downing 0-0: Ball
1-0: Foul Ball, location: 2F
1-1: Ball
2-1: SINGLE (Line Drive, 9LM)
Pitching: RHP António Galindo
Batting: RHB Cheng-ho Qiao 0-0: Called Strike
0-1: Ground out 4-3 (Groundball, 34)
Robert Downing to second
Batting: LHB Patrick Bright 0-0: DOUBLE (Line Drive, 78M)
Robert Downing scores
Pinch Hitting: RHB Steve Sampson 0-0: Swinging Strike
0-1: SINGLE (Line Drive, 4M)
Patrick Bright to third
Batting: LHB Pedro Rodríguez 0-0: Called Strike
0-1: Fielders Choice at 2nd, 4-6 (Groundball, 4)
Bottom of the 7th over - 2 run(s), 4 hit(s), 0 error(s), 1 left on base; Houston 5 - Redwood City 4
TOP OF THE 8TH
Houston Hammertime batting - Pitching for Redwood City Redwoods : RHP Johnny Bryant
Now at 3B: Tristan Walker
Batting: RHB Alberto Chávez 0-0: Called Strike
0-1: Ball
1-1: Ball
2-1: Ball
3-1: Called Strike
3-2: Foul Ball, location: 2F
3-2: Base on Balls
Batting: LHB Fernando Camacho 0-0: Sac Bunt - play at first, batter OUT! 4-3
Alberto Chávez to second
Batting: SHB Carlos Córdova 0-0: Foul Ball, location: 2F
0-1: Called Strike
0-2: Ball
1-2: Strikes out swinging
Batting: RHB Alonso Holguín 0-0: Called Strike
0-1: Foul Ball, location: 2F
0-2: Ball
1-2: Ball
2-2: Ball
3-2: SINGLE (Groundball, 34D)
Alberto Chávez to third
Alberto Chávez scores
Batting: LHB Pat Jones 0-0: Ball
1-0: Ball
2-0: Foul Ball, location: 2F
2-1: Ball
3-1: Swinging Strike
3-2: Ground out 4-3 (Groundball, 34)
Top of the 8th over - 1 run(s), 1 hit(s), 0 error(s), 1 left on base; Houston 6 - Redwood City 4
BOTTOM OF THE 8TH
Redwood City Redwoods batting - Pitching for Houston Hammertime : RHP António Galindo
Batting: LHB Vicente Chávez 0-0: Called Strike
0-1: Foul Ball, location: 2F
0-2: Foul Ball, location: 2F
0-2: Ball
1-2: Ball
2-2: Strikes out looking
Batting: RHB Juan Robles 0-0: Fly out, F8 (Flyball, 8LD)
Batting: RHB David Strickland 0-0: Called Strike
0-1: Foul Ball, location: 2F
0-2: Strikes out swinging
Bottom of the 8th over - 0 run(s), 0 hit(s), 0 error(s), 0 left on base; Houston 6 - Redwood City 4
TOP OF THE 9TH
Houston Hammertime batting - Pitching for Redwood City Redwoods : RHP Johnny Bryant
Batting: LHB Juan Cabañas 0-0: Called Strike
0-1: Called Strike
0-2: Foul Ball, location: 2F
0-2: Foul Ball, location: 2F
0-2: Foul Ball, location: 2F
0-2: Fly out, F8 (Flyball, 8LS)
Batting: RHB David Hernández 0-0: Ball
1-0: Called Strike
1-1: Ball
2-1: Foul Ball, location: 2F
2-2: Foul Ball, location: 2F
2-2: Ball
3-2: SINGLE (Flyball, 3D)
Pitching: RHP José Ramírez
Batting: RHB Carlos Pérez 0-0: Grounds into double play, 5-4-3 (Groundball, 56)
Top of the 9th over - 0 run(s), 1 hit(s), 0 error(s), 0 left on base; Houston 6 - Redwood City 4
BOTTOM OF THE 9TH
Redwood City Redwoods batting - Pitching for Houston Hammertime : RHP António Galindo
Pitching: RHP Brandon Williams
Batting: LHB Mike Harris 0-0: DOUBLE (Flyball, 89D)
Pinch Hitting: LHB Keith Green 0-0: Called Strike
0-1: Ball
1-1: Swinging Strike
1-2: Fly out, F4 (Line Drive, 4M)
Batting: RHB Cheng-ho Qiao 0-0: Ball
1-0: Called Strike
1-1: Foul Ball, location: 2F
1-2: Ball
2-2: Strikes out swinging
Batting: LHB Patrick Bright 0-0: Ball
1-0: Called Strike
1-1: Foul Ball, location: 2F
1-2: Foul Ball, location: 2F
1-2: Strikes out swinging
Bottom of the 9th over - 0 run(s), 1 hit(s), 0 error(s), 1 left on base; Houston 6 - Redwood City 4
Thursday, March 30th, 2017 - OOTP Baseball 17.12 Build 75